Workbook

Sheet BDI (29,07%)
B4: Quadro de Composição do BDI
B6: Construção e Reforma de Edifícios
B8: Conforme legislação tributária municipal, definir estimativa de percentual da base de cálculo para o ISS: | G8: 0.5
B9: Sobre a base de cálculo, definir a respectiva alíquota do ISS (entre 2% e 5%): | G9: 0.05
B11: Itens | C11: Siglas | D11: Preencher percentuais das parcelas do BDI | E11: Situação intervalo admissível | F11: 1º Quartil | G11: Médio | H11: 3º Quartil
B12: Administração Central | C12: AC | D12: 0.04 | E12: - | F12: 0.03 | G12: 0.04 | H12: 0.055
B13: Seguro e Garantia | C13: SG | D13: 0.008 | E13: - | F13: 0.008 | G13: 0.008 | H13: 0.01
B14: Risco | C14: R | D14: 0.0127 | E14: - | F14: 0.0097 | G14: 0.0127 | H14: 0.0127
B15: Despesas Financeiras | C15: DF | D15: 0.0123 | E15: - | F15: 0.0059 | G15: 0.0123 | H15: 0.0139
B16: Lucro | C16: L | D16: 0.074 | E16: - | F16: 0.0616 | G16: 0.074 | H16: 0.0896
B17: Tributos (impostos COFINS 3%, e PIS 0,65%) | C17: CP | D17: 0.0365 | E17: =IF(AND(D17>=F17, D17<=H17), "OK", "Não OK") -> OK | F17: 0.0365 | G17: 0.0365 | H17: 0.0365
B18: Tributos (ISS, variável de acordo com o município) | C18: ISS | D18: =G9*G8 -> 0.025 | E18: =IF(AND(D18>=F18, D18<=H18), "OK", "Não OK") -> OK | F18: 0 | G18: 0.025 | H18: 0.05
B19: Tributos (Contribuição Previdenciária - 0% ou 4,5%, conforme Lei 13.161/2015 - Desoneração) | C19: CPRB | D19: 0.045 | E19: =IF(AND(D19>=F19, D19<=H19), "OK", "Não OK") -> OK | F19: 0 | G19: 0.02 | H19: 0.045
B20: Fórmula de BDI adotado conforme Acórdão TCU | C20: BDI PAD | D20: =ROUND((((1+D12+D13+D14)*(1+D15)*(1+D16)/(1-(D17+D18)))-1),4) -> 0.2288 | E20: =IF(AND(D20>=F20, D20<=H20), "OK", "Não OK") -> OK | F20: 0.2034 | G20: 0.2212 | H20: 0.25
B21: BDI SINAPI DESONERADO (A ser aplicado na Planilha Orçamentária) | C21: BDI DES | D21: =ROUND((((1+D12+D13+D14)*(1+D15)*(1+D16)/(1-(D17+D18+D19)))-1),4) -> 0.2907 | E21: =IF(COUNTIF($E$12:$E$20,"NÃO OK")>0,"NÃO OK","OK") -> OK
B23: Os valores de BDI foram calculados com o emprego da fórmula abaixo:
B25: Declaro para os devidos fins que, conforme legislação tributária municipal, a base de cálculo para Construção e Reforma de Edifícios, é de 50%, com a respectiva alíquota de 5%.
B26: Declaro para os devidos fins que para o cálculo deste BDI, optamos pelo Orçamento COM DESONERAÇÃO, e que esta alternativa é a mais adequada para a Administração Pública.

Sheet Planilha
B4: PLANILHA ORÇAMENTÁRIA - COM DESONERAÇÃO | I4: 46090
B7: Unidade | C7: UPA SANTO ANTONIO | I7: BDI= | J7: ='BDI (29,07%)'!D21 -> 0.2907
B8: Objeto | C8: MURO DE DIVISA (FUNDO)
B9: Local | C9: RUA IDA TAGLIAVINI POLACHINI, 580
C10: JARDIM SANTO ANTONIO | G10: Cidade: | H10: SÃO JOSÉ DO RIO PRETO - SP
B12: REF.: PREÇOS: SINAPI-FEV./2025; CDHU-BOL.201; FDE-JAN./2026.
B14: ITEM | C14: FONTE | D14: CÓDIGO | E14: DESCRIÇÃO | F14: UNID | G14: QUANT | H14: CUSTO UNITÁRIO (R$) | I14: UNITÁRIO COM BDI (R$) | J14: VALOR TOTAL COM BDI (R$)
B15: 1 | E15: MURO DIVISA (FUNDO) >> ALAMBRADO | J15: =J16+J20+J23 -> 42824.33
B16: 1.1 | E16: DEMOLIÇÃO | J16: =SUM(J17:J19) -> 7169.7
B17: 1.1.1 | C17: SINAPI | D17: 97622 | E17: DEMOLIÇÃO DE ALVENARIA DE BLOCO FURADO, DE FORMA MANUAL, SEM REAPROVEITAMENTO. AF_09/2023 | F17: M3 | G17: 22.54 | H17: 76.81 | I17: =ROUND(ROUND(H17,2)*(1+J$7),2) -> 99.14 | J17: =ROUND(G17*I17,2) -> 2234.62
B18: 1.1.2 | C18: SINAPI | D18: 97627 | E18: DEMOLIÇÃO DE PILARES E VIGAS EM CONCRETO ARMADO, DE FORMA MECANIZADA COM MARTELETE, SEM REAPROVEITAMENTO. AF_09/2023 | F18: M3 | G18: 2.58 | H18: 56.29 | I18: =ROUND(ROUND(H18,2)*(1+J$7),2) -> 72.65 | J18: =ROUND(G18*I18,2) -> 187.44
B19: 1.1.3 | C19: CDHU-D | D19: 05.07.040 | E19: REMOÇÃO DE ENTULHO SEPARADO DE OBRA COM CAÇAMBA METÁLICA - TERRA, ALVENARIA, CONCRETO, ARGAMASSA, MADEIRA, PAPEL, PLÁSTICO OU METAL | F19: M3 | G19: 32.65 | H19: 112.66 | I19: =ROUND(ROUND(H19,2)*(1+J$7),2) -> 145.41 | J19: =ROUND(G19*I19,2) -> 4747.64
B20: 1.2 | E20: ALAMBRADO | J20: =SUM(J21:J22) -> 30080.39
B21: 1.2.1 | C21: SINAPI | D21: 102363 | E21: ALAMBRADO PARA QUADRA POLIESPORTIVA, ESTRUTURADO POR TUBOS DE ACO GALVANIZADO, (MONTANTES COM DIAMETRO 2", TRAVESSAS E ESCORAS COM DIÂMETRO 1 ¼"), COM TELA DE ARAME GALVANIZADO, FIO 12 BWG E MALHA QUADRADA 5X5CM (EXCETO MURETA). AF_03/2021 | F21: M2 | G21: 140 | H21: 163.64 | I21: =ROUND(ROUND(H21,2)*(1+J$7),2) -> 211.21 | J21: =ROUND(G21*I21,2) -> 29569.4
B22: 1.2.2 | C22: CDHU-D | D22: 11.03.090 | E22: CONCRETO PREPARADO NO LOCAL, FCK = 20 MPA | F22: M3 | G22: 0.7 | H22: 565.58 | I22: =ROUND(ROUND(H22,2)*(1+J$7),2) -> 729.99 | J22: =ROUND(G22*I22,2) -> 510.99
B23: 1.3 | E23: PISO | J23: =SUM(J24:J24) -> 5574.24
B24: 1.3.1 | C24: SINAPI | D24: 94990 | E24: EXECUÇÃO DE PASSEIO (CALÇADA) OU PISO DE CONCRETO COM CONCRETO MOLDADO IN LOCO, FEITO EM OBRA, ACABAMENTO CONVENCIONAL, NÃO ARMADO. AF_08/2022 | F24: M3 | G24: 5.6 | H24: 771.21 | I24: =ROUND(ROUND(H24,2)*(1+J$7),2) -> 995.4 | J24: =ROUND(G24*I24,2) -> 5574.24
B25: 2 | E25: LIMPEZA OBRA | J25: =J26 -> 1736.7
B26: 2.1 | E26: LIMPEZA FINAL DE OBRA | J26: =SUM(J27) -> 1736.7
B27: 2.1.1 | C27: FDE | D27: 16.11.005 | E27: LIMPEZA DA OBRA | F27: M2 | G27: 70 | H27: 19.22 | I27: =ROUND(ROUND(H27,2)*(1+J$7),2) -> 24.81 | J27: =ROUND(G27*I27,2) -> 1736.7
E29: TOTAL DO ORÇAMENTO | J29: =J15+J25 -> 44561.03
B31: Altamir Roberto Marascalchi Filho - Eng° Civil - CREA 5070622761
B32: e-mail: sms.obras@riopreto.sp.gov.br - (17) 3216-9787

Sheet Cronograma
J3: CRONOGRAMA FÍSICO - FINANCEIRO
B4: UNIDADE: | E4: =Planilha!C7 -> UPA SANTO ANTONIO
B5: OBJETO: | E5: =Planilha!C8 -> MURO DE DIVISA (FUNDO) | M5: CIDADE: | N5: SÃO JOSÉ DO RIO PRETO - SP
B6: LOCAL: | E6: =Planilha!C9 -> RUA IDA TAGLIAVINI POLACHINI, 580 | F6: =Planilha!C10 -> JARDIM SANTO ANTONIO
B7: ITEM | E7: DESCRIÇÃO | F7: VALOR (R$) | G7: % | H7: 1 | K7: 2 | N7: 3 | Q7: 4
H9: R$ | I9: % | J9: %ACUM. | K9: R$ | L9: % | M9: %ACUM. | N9: R$ | O9: % | P9: %ACUM. | Q9: R$ | R9: % | S9: %ACUM.
E10: ADEQUAÇÃO ABRIGO COMPRESSOR | F10: =Planilha!J29 -> 44561.03 | G10: =F10/F$12 -> 1 | H10: =$F10*I10% -> 31192.721 | I10: 70 | J10: =I10 -> 70 | K10: =$F10*L10% -> 13368.309 | L10: 30 | M10: =L10+J10 -> 100 | N10: =$F10*O10% -> 0 | O10: 0 | P10: =O10+M10 -> 100 | Q10: =$F10*R10% -> 0 | R10: 0 | S10: =R10+P10 -> 100
B12: TOTAIS | E12: ORÇAMENTO | F12: =SUM(F10:F10) -> 44561.03 | G12: =SUM(G10:G10) -> 1
E13: % EXECUTADO NO PERÍODO | H13: =H15/$F$12 -> 0.7 | K13: =K15/$F$12 -> 0.3 | N13: =N15/$F$12 -> 0 | Q13: =Q15/$F$12 -> 0
E14: % ACUMULADO NO PERÍODO | H14: =H13 -> 0.7 | K14: =K13+H14 -> 1 | N14: =N13+K14 -> 1 | Q14: =Q13+N14 -> 1
E15: VALOR (R$) EXECUTADO NO PERÍODO | H15: =SUM(H10:H10) -> 31192.721 | K15: =SUM(K10:K10) -> 13368.309 | N15: =SUM(N10:N10) -> 0 | Q15: =SUM(Q10:Q10) -> 0
E16: VALOR (R$) ACUMULADO NO PERÍODO | H16: =H15 -> 31192.721 | K16: =K15+H16 -> 44561.03 | N16: =N15+K16 -> 44561.03 | Q16: =Q15+N16 -> 44561.03
H18: Altamir Roberto Marascalchi Filho - Eng° Civil - CREA 5070622761
B19: e-mail: sms.obras@riopreto.sp.gov.br - (17) 3216-9787
